 Dungeon Crawl Stone Soup version 0.16-a0-2296-gdce89d5 (webtiles) character file.

56 smajdalf the Ruffian (level 3, 0/28 (29) HPs)
             Began as a Ghoul Warper on Nov 16, 2014.
             Slain by an adder (4 damage)
             ... on level 2 of the Dungeon.
             The game lasted 00:02:58 (1059 turns).

smajdalf the Ruffian (Ghoul Warper)                 Turns: 1059, Time: 00:02:58

HP:   0/28 (29)     AC:  3    Str: 14    XL:     3   Next: 97%
MP:   5/5           EV: 10    Int:  9    God:
Gold: 78            SH:  0    Dex:  8    Spells: 1 memorised, 4 levels left

rFire  . . .     SeeInvis .       - Unarmed
rCold  + . .     Clarity  .     b - +0 leather armour
rNeg   + + +     SustAb   .     (no shield)
rPois  +         Gourm    .     (no helmet)
rElec  .         Spirit   .     (no cloak)
rCorr  .         Warding  .     (no gloves)
rMut   .         Stasis   .     (no boots)
MR     .....                    (no amulet)
Stlth  +.........               (no ring)
                                (no ring)

@: rotting, not resistant to hostile enchantments, very unstealthy
A: rotting body, claws 1, carnivore 3, cold resistance 1, negative energy
resistance 3, poison resistance, slow healing 1, torment resistance, unbreathing
a: no special abilities


You were on level 2 of the Dungeon.
You were not hungry.

You visited 1 branch of the dungeon, and saw 2 of its levels.

You collected 78 gold pieces.

Inventory:

Missiles
 e - 5 tomahawks of dispersal (quivered)
Armour
 b - a +0 leather armour (worn)
Magical staves
 t - an uncursed staff of wizardry {unknown}
Scrolls
 a - a scroll of identify {unknown}
 d - a scroll of blinking
 h - a scroll of enchant weapon {unknown}
 k - 2 scrolls of fear {unknown}
 m - a scroll of enchant armour {unknown}
 n - a scroll of teleportation {unknown}
 o - a scroll of recharging {unknown}
 r - a scroll of immolation {unknown}
 s - a scroll of remove curse {unknown}
Potions
 f - 2 potions of haste {unknown}
 g - 2 potions of curing {unknown}
 i - a potion of brilliance {unknown}
 j - 2 potions of restore abilities {unknown}
 l - a potion of magic {unknown}
Books
 c - a book of Spatial Translocations

   Spells                             Type                      Level
   *Apportation                       Translocation                1
   Blink                              Translocation                2
   Shroud of Golubria                 Charms/Translocation         2
   Portal Projectile                  Translocation                3
   Teleport Other                     Translocation                3
   Passage of Golubria                Translocation                4
Comestibles
 q - 2 beef jerkies


   Skills:
 - Level 2.1 Fighting
 - Level 0.8 Throwing
 - Level 0.8 Armour
 - Level 1.7 Dodging
 + Level 4.5 Unarmed Combat
 - Level 1.7 Spellcasting
 - Level 2.6 Translocations


You had 4 spell levels left.
You knew the following spells:

 Your Spells              Type           Power        Failure   Level  Hunger
a - Apportation           Tloc           #.........   12%         1    ##.....


Dungeon Overview and Level Annotations

Branches:
Dungeon (2/15)

Altars:


Innate Abilities, Weirdness & Mutations

Your body is rotting away.
You thrive on raw meat.
You have sharp fingernails.
You are carnivorous and can eat meat at any time.
Your flesh is cold resistant.
You are immune to negative energy.
Your system is resistant to poisons.
You heal slowly when monsters are visible.
You are immune to unholy pain and torment.
You can survive without breathing.


Message History

The adder is almost dead.
The adder bites you.
You miss the adder.
The adder is almost dead.
The adder bites you.
You closely miss the adder.
The adder is almost dead.
The adder is no longer bleeding.
The adder bites you.
* * * LOW HITPOINT WARNING * * *
You miss the adder. Your claw misses the adder.
The adder is almost dead.
The adder closely misses you.
You miss the adder. Your claw misses the adder.
The adder is almost dead.
The adder bites you.
* * * LOW HITPOINT WARNING * * *
You closely miss the adder.
The adder is almost dead.
The adder bites you.
You die...

... ...#
###....#
##.#.....#
#......#>..
#...#......
#...#...##
#.@S..#..#
#...####.# .
#.....##.### .
#...#.##...## #
#...#.......##
#
##.####......##
###
#........###
#........#.##
#...........##


You could see an adder.

Vanquished Creatures
  An adder (D:2)
  2 giant mites (D:1)
  2 giant geckos (D:1)
  4 bats
  5 hobgoblins
  2 jackals (D:1)
  3 kobolds (D:1)
  3 giant cockroaches
  4 giant newts
  2 goblins (D:1)
  5 rats
33 creatures vanquished.

Notes
Turn   | Place    | Note
--------------------------------------------------------------
     0 | D:1      | smajdalf, the Ghoul Warper, began the quest for the Orb.
     0 | D:1      | Reached XP level 1. HP: 17/17 MP: 2/2
     0 | D:1      | Noticed a vine stalker
     1 | D:1      | Noticed an octopode
     3 | D:1      | Noticed a minotaur
     3 | D:1      | Noticed a vampire
     6 | D:1      | Noticed a gargoyle
     7 | D:1      | Noticed a centaur
     8 | D:1      | Noticed a felid
    10 | D:1      | Noticed a dwarf
    12 | D:1      | Noticed a felid
    13 | D:1      | Noticed a centaur
    14 | D:1      | Noticed a ghoul
    14 | D:1      | Noticed a draconian
    16 | D:1      | Noticed a felid
    18 | D:1      | Noticed a centaur
    18 | D:1      | Noticed a human
   171 | D:1      | Reached skill level 3 in Unarmed Combat
   171 | D:1      | Reached XP level 2. HP: 24/24 MP: 3/3
   628 | D:1      | Reached XP level 3. HP: 28/28 MP: 5/5
   668 | D:1      | Reached skill level 4 in Unarmed Combat
  1059 | D:2      | Slain by an adder

Action                   || total
-------------------------++-------
Melee: Unarmed           ||   125
  Eat: Chunk             ||    22
